 Dungeon Crawl Stone Soup version 0.26-a0-257-g47e9e61525 (webtiles) character file.

Game seed: 17429573944720804150

237 BritishOli the Skirmisher (level 5, -2/42 HPs)
             Began as a Demonspawn Fighter on July 10, 2020.
             Was an Initiate of Okawaru.
             Slain by a worker ant (4 damage)
             ... on level 3 of the Dungeon.
             The game lasted 00:02:06 (3103 turns).

BritishOli the Skirmisher (Demonspawn Fighter)      Turns: 3103, Time: 00:02:07

Health: -2/42      AC:  5    Str: 18    XL:     5   Next: 77%
Magic:  5/5        EV:  8    Int:  9    God:    Okawaru [......]
Gold:   154        SH:  9    Dex: 12    Spells: 4/4 levels left

rFire    . . .     SeeInvis .   a - +0 long sword
rCold    . . .     Faith    .   c - +0 kite shield
rNeg     . . .     Spirit   .   e - +0 ring mail (curse)
rPois    .         Reflect  .   (no helmet)
rElec    .         Harm     .   n - scarf {+Inv}
rCorr    .                      (no gloves)
MR       .....                  (no boots)
Stlth    ..........             (no amulet)
HPRegen  0.14/turn              (no ring)
MPRegen  0.09/turn              (no ring)

@: lethally poisoned (-2 -> -13)
A: hooves 2, powered by pain 1
a: Renounce Religion, Evoke Invisibility


You were on level 3 of the Dungeon.
You worshipped Okawaru.
Okawaru was noncommittal.
You were not hungry.

You visited 1 branch of the dungeon, and saw 4 of its levels.

You collected 154 gold pieces.

Inventory:

Hand Weapons
 a - a +0 long sword (weapon)
Missiles
 o - 7 javelins (quivered)
Armour
 b - a +0 scale mail
 c - a +0 kite shield (worn)
 e - a cursed +0 ring mail (worn)
 n - a scarf of invisibility (worn)
Scrolls
 h - 3 scrolls of identify {unknown}
 j - a scroll of fog {unknown}
 l - a scroll of magic mapping {unknown}
 m - a scroll of enchant armour {unknown}
 q - 2 scrolls of immolation {unknown}
 s - a scroll of remove curse {unknown}
Potions
 d - a potion of might
 g - a potion of invisibility {unknown}
 i - a potion of berserk rage {unknown}
 k - 3 potions of curing {unknown}
 p - a potion of stabbing {unknown}
 r - a potion of flight {unknown}
Comestibles
 f - 10 rations


   Skills:
 + Level 4.0 Fighting
 * Level 3.6 Long Blades
 + Level 3.6 Armour
 + Level 3.5 Shields


You had 4 spell levels left.
You didn't know any spells.
Your spell library was empty.

Dungeon Overview and Level Annotations

Branches:
Dungeon (4/15)
 Temple: D:4-7

Altars:
Okawaru


Innate Abilities, Weirdness & Mutations

You have hoof-like feet.
You sometimes gain a little power by taking damage.


Message History

There is a stone staircase leading down here.
You are too injured to fight recklessly!
Unknown command.
You are too injured to fight recklessly!
Unknown command.
Unknown command.
You are too injured to fight recklessly!
The giant cockroach bites you but does no damage.
The worker ant bites you but does no damage.
You feel sick.
The giant cockroach bites you but does no damage.
You closely miss the giant cockroach. Your kick misses the giant cockroach.
The giant cockroach bites you but does no damage.
The worker ant bites you.
* * * LOW HITPOINT WARNING * * *
You are lethally poisoned!
The worker ant poisons you! The giant cockroach bites you.
* * * LOW HITPOINT WARNING * * *
The worker ant bites you.
You die...

#.# #..#.............#..... #.#
##...............#..... ######.#
##....................
.......######..............#.....
######..................<........
##.######....#...............
#..# ##....#####...##......
#.######..>a.# #.#####.....
####.###......s@# #.# #......
#............########.####......
#........###...##........#......
#........# ###...........##.....
#....)...# ####........##....#
#........# ###########.#.##
#........# #........ ##########
#........ #........


You could see a worker ant and a giant cockroach.

Vanquished Creatures
  An ice beast (D:2)
  A centaur skeleton (D:4)
  A gnoll (D:3)
  3 adders (D:2)
  An ooze (D:2)
  2 worms
  2 dart slugs
  2 leopard geckos
  2 orcs
  5 giant cockroaches
  9 hobgoblins
  4 ball pythons
  6 bats
  3 frilled lizards
  11 goblins
  A jackal skeleton (D:4)
  8 kobolds
  4 rats
66 creatures vanquished.

Notes
Turn   | Place    | Note
-------+----------+-------------------------------------------
     0 | D:1      | BritishOli the Demonspawn Fighter began the quest for the
                  | Orb.
     0 | D:1      | Reached XP level 1. HP: 18/18 MP: 1/1
   223 | D:1      | Gained mutation: You have large cloven feet. [demonic
                  | ancestry]
   223 | D:1      | Reached XP level 2. HP: 21/24 MP: 2/2
   892 | D:1      | Reached XP level 3. HP: 29/29 MP: 3/3
  1404 | D:2      | Noticed an ice beast
  1417 | D:2      | Killed an ice beast
  1417 | D:2      | Gained mutation: You sometimes gain a little power by
                  | taking damage. [demonic ancestry]
  1417 | D:2      | Reached XP level 4. HP: 24/37 MP: 4/4
  1417 | D:2      | Gained mutation: You have hoof-like feet. [demonic
                  | ancestry]
  1417 | D:2      | Reached XP level 5. HP: 27/42 MP: 5/5
  2783 | D:3      | Found an iron altar of Okawaru.
  2929 | D:3      | Became a worshipper of Warmaster Okawaru
  3028 | D:4      | Reached skill level 4 in Fighting
  3075 | D:4      | Noticed an ogre
  3103 | D:3      | HP: 2/42 [giant cockroach (1)]
  3103 | D:3      | Slain by a worker ant

Illustrated notes

Levels and vault maps discovered:
D:1:      minmay_arrival_plants_in_alcoves, layout_basic
D:2:      layout_basic, first_ration
D:3:      layout_rooms, okawaru_altar_gauntlet_db
D:4:      layout_rooms, lemuel_doored_altar, minmay_temple_entry_nine_rooms,
          st_stairs_6

Skill      XL: |  1  2  3  4  5 |
---------------+----------------+-----
Long Blades    | 2 3 |  3.6
Armour         | 3 |  3.6
Shields        | 3 |  3.5
Fighting       | 4 |  4.0

Action                   |  1- 3 |  4- 6 || total
-------------------------+-------+-------++-------
Melee: Long sword        |   120 |    63 ||   183
       Kick              |    18 |    18 ||    36
  Eat: Ration            |     1 |     1 ||     2
Armor: Scale mail        |    15 |       ||    15
       Ring mail         |    41 |    25 ||    66
Dodge: Dodged            |    42 |    34 ||    76
Block: Kite shield       |    79 |    21 ||   100
       Rpst.: Long sword |    13 |     7 ||    20

Table legend:
 A = Non-vault XP
 B = Vault XP
 C = Vault XP percentage of total XP
 D = Non-vault monster count
 E = Vault monster count
 F = Vault count percentage of total count
                 A         B        C        D         E       F
            +---------+---------+-------+---------+---------+-------
      Total |     314 |      25 |   7.4 |      60 |       6 |   9.1
            +---------+---------+-------+---------+---------+-------
        D:1 |      43 |       0 |   0.0 |      25 |       0 |   0.0
        D:2 |     213 |       0 |   0.0 |      24 |       0 |   0.0
        D:3 |      14 |      25 |  64.1 |       8 |       6 |  42.9
        D:4 |      44 |       0 |   0.0 |       3 |       0 |   0.0
            +---------+---------+-------+---------+---------+-------
